General information
			
			
        
        - name: Skycity3
 
        - type: Custom game
 
        - host: Iceberg-Slim
 
        - saver: timg4strOK
 
        
map: TerenasStand 
        - players: 3
 
        - length: 15:07
 
        - speed: Fast
 - version: 1.22 W3XP
 - replay type:  

 
» download(54 KB)
Players
        team 1 (winner) 
              
              
» 
timg4strOK (
gray | 134 APM | 2027 actions | 15:07)
              
 5 Death Knight 
 3 Death Coil
 2 Unholy Aura
 4 Lich 
 2 Frost Nova
 2 Frost Armor
 
                » actions 
                
                | Assign group hotkey | 26 |  | 
| Basic commands | 27 |  | 
| Build / train | 37 |  | 
| Enter build submenu | 17 |  | 
| Enter hero's abilities submenu | 9 |  | 
| Give item / drop item | 4 |  | 
| Right click | 891 |  | 
| Select / deselect | 205 |  | 
| Select group hotkey | 702 |  | 
| Use ability | 109 |  | 
                2027 total
 » units 
                
                | Acolyte | 4 |  | 
| Ghoul | 9 |  | 
| Obsidian Statue | 4 |  | 
                17 total
 » upgrades
                » buildings
                
                | Crypt | 1 |  | 
| Altar of Darkness | 1 |  | 
| Ziggurat | 6 |  | 
| Tomb of Relics | 1 |  | 
| Halls of the Dead | 1 |  | 
| Nerubian Tower | 2 |  | 
| Graveyard | 1 |  | 
| Black Citadel | 1 |  | 
| Slaughterhouse | 2 |  | 
| Necropolis | 1 |  | 
                17 total
 » build order
                00:10 Crypt
00:12 Altar of Darkness
00:33 Ziggurat
00:50 Tomb of Relics
01:16 Ziggurat
02:39 Halls of the Dead
02:49 Nerubian Tower
02:50 Nerubian Tower
03:43 Graveyard
04:21 Ziggurat
06:18 Black Citadel
06:43 Slaughterhouse
06:45 Slaughterhouse
07:54 Ziggurat
08:45 Ziggurat
12:31 Necropolis
13:22 Ziggurat
» items
                
                | Rod of Necromancy | 1 |  | 
| Boots of Speed | 1 |  | 
| Scroll of Town Portal | 1 |  | 
                3 total
  
               team 2 (loser) 
              
              
greedoFthenoob (
pink | 68 APM | 1024 actions | 15:06)
              
 3 Mountain King 
 2 Storm Bolt
 1 Bash
 1 Paladin 
 1 Holy Light
 
                » actions 
                
                | Assign group hotkey | 19 |  | 
| Basic commands | 37 |  | 
| Build / train | 78 |  | 
| ESC pressed | 4 |  | 
| Enter build submenu | 39 |  | 
| Enter hero's abilities submenu | 4 |  | 
| Right click | 437 |  | 
| Select / deselect | 288 |  | 
| Select group hotkey | 52 |  | 
| Use ability | 66 |  | 
                1024 total
 » units 
                
                | Peasant | 29 |  | 
| Footman | 10 |  | 
| Rifleman | 1 |  | 
| Flying Machine | 12 |  | 
                52 total
 » upgrades
                
                | Backpack | 1 |  | 
| Masonry | 1 |  | 
| Lumber Harvesting | 1 |  | 
| Flying Machine Bombs | 1 |  | 
                4 total
 » buildings
                
                | Altar of Kings | 1 |  | 
| Farm | 9 |  | 
| Barracks | 2 |  | 
| Arcane Vault | 2 |  | 
| Lumber Mill | 1 |  | 
| Scout Tower | 7 |  | 
| Guard Tower | 9 |  | 
| Town Hall | 3 |  | 
| Keep | 2 |  | 
| Blacksmith | 1 |  | 
| Castle | 1 |  | 
| Workshop | 2 |  | 
                40 total
 » build order
                00:07 Altar of Kings
00:18 Farm
00:21 Barracks
00:49 Farm
01:07 Farm
01:58 Farm
02:39 Arcane Vault
03:44 Lumber Mill
04:16 Farm
04:27 Scout Tower
04:29 Scout Tower
04:30 Scout Tower
04:49 Guard Tower
04:57 Guard Tower
04:58 Guard Tower
05:30 Town Hall
05:34 Town Hall
05:38 Town Hall
07:00 Scout Tower
07:02 Scout Tower
07:28 Barracks
08:10 Keep
08:10 Keep
08:31 Blacksmith
08:39 Guard Tower
08:43 Guard Tower
08:44 Guard Tower
08:44 Guard Tower
09:47 Arcane Vault
11:04 Farm
11:13 Farm
11:14 Farm
11:15 Farm
11:17 Castle
12:25 Workshop
12:45 Workshop
12:51 Scout Tower
12:52 Scout Tower
13:16 Guard Tower
» items
                
                | Scroll of Regeneration | 2 |  | 
| Lesser Clarity Potion | 2 |  | 
                4 total
  
               observersIceberg-Slim Chat log
          
(12:07 / All) greedoFthenoob: damn man
(15:03 / All) greedoFthenoob: gg
(15:05 / All) greedoFthenoob: ud imbalance